 Dungeon Crawl Stone Soup version 0.24-a0-521-g122614bf49 (webtiles) character file.

Game seed: 6667276528238033951

6400 Froggeryz the Severer (level 10, -1/83 HPs)
             Began as a Minotaur Berserker on July 28, 2019.
             Was a High Priest of Trog.
             Killed by nerve-wracking pain
             ... invoked by an orc priest
              (6 damage)
             ... on level 10 of the Dungeon.
             The game lasted 00:15:54 (9868 turns).

Froggeryz the Severer (Minotaur Berserker)          Turns: 9868, Time: 00:15:54

Health: -1/83      AC:  5    Str: 23    XL:     10   Next: 66%
Magic:  8/8        EV: 12    Int:  4    God:    Trog [*****.]
Gold:   674        SH:  0    Dex: 12    Spells: 9/9 levels left

rFire    + . .     SeeInvis +   a - +1 hand axe
rCold    . . .     Gourm    .   (no shield)
rNeg     . . .     Faith    .   w - +2 robe {MR+}
rPois    .         Spirit   .   (helmet unavailable)
rElec    .         Reflect  .   t - +0 cloak
rCorr    .         Harm     .   (no gloves)
MR       +....                  (no boots)
Stlth    +.........             (no amulet)
HPRegen  0.23/turn              m - ring of protection from fire
MPRegen  0.11/turn              s - ring of see invisible (curse)

@: no status effects
A: retaliatory headbutt, horns 3, low mp 1
a: Berserk, Trog's Hand, Brothers in Arms, Renounce Religion


You were on level 10 of the Dungeon.
You worshipped Trog.
Trog was extremely pleased with you.
You were very hungry.

You visited 1 branch of the dungeon, and saw 10 of its levels.
You also visited: Sewer.

You collected 674 gold pieces.

Inventory:

Hand Weapons
 a - a +1 hand axe (weapon)
 i - a +4 scimitar of flaming
 q - a +0 hunting sling of flaming
Missiles
 v - 242 stones (quivered)
 x - 13 boomerangs
Armour
 t - a +0 cloak (worn)
 w - a +2 robe of magic resistance (worn)
Jewellery
 f - an uncursed ring of ice {unknown}
 h - an uncursed ring of resist corrosion
 m - a ring of protection from fire (left hand)
 s - a cursed ring of see invisible (right hand)
 C - an uncursed ring of positive energy
Wands
 y - a wand of random effects (39)
Scrolls
 b - 4 scrolls of teleportation
 d - a scroll of fog {unknown}
 g - 3 scrolls of remove curse
 k - 4 scrolls of immolation
 n - 4 scrolls of identify
 u - 2 scrolls of enchant weapon
 A - a scroll of magic mapping
 B - a scroll of fear {unknown}
 D - a scroll of noise {unknown}
Potions
 e - 5 potions of curing
 j - a potion of lignification {unknown}
 l - a potion of ambrosia
 o - a potion of haste
 p - 2 potions of mutation
 r - a potion of berserk rage
Comestibles
 c - 11 rations


   Skills:
 - Level 6.3 Fighting
 * Level 17.5 Axes
 - Level 2.4 Armour
 - Level 2.1 Dodging


You had 9 spell levels left.
You didn't know any spells.
Your spell library was empty.

Dungeon Overview and Level Annotations

Branches:
Dungeon (10/15)            Temple (0/1) D:4            Lair (0/6) D:10
    Orc (0/2) D:9

Altars:
Cheibriados
Elyvilon
Fedhas
Hepliaklqana
Kikubaaqudgha
Nemelex Xobeh
Okawaru
Ru
Sif Muna
Wu Jian
Xom
Yredelemnul
The Shining One

Annotations:
D:10 Grum


Innate Abilities, Weirdness & Mutations

You reflexively headbutt those who attack you in melee.
You have a pair of large horns on your head.
Your magical capacity is low. (-10% MP)


Message History

An orc priest comes into view. It is wielding a +0 hand axe.
The orc priest shouts!
An orc wizard comes into view. It is wielding a +0 dagger.
The orc wizard shouts!
An orc comes into view. It is wielding a +0 mace.
The orc shouts!
A shadow imp comes into view.
The shadow imp shouts!
An orc comes into view. It is wielding a +0 whip.
The orc shouts!
An orc comes into view. It is wielding a +0 mace.
The orc shouts!
An orc comes into view. It is wielding a +0 hand axe.
The orc shouts!
You hear a shout! x2
A worker ant comes into view.
An orc priest comes into view.
The orc closely misses you.
An orc priest comes into view. It is wielding a +0 whip.
The orc priest mumbles some strange prayers to Beogh against you.
Pain shoots through your body!
You die...

#.# #)# .
#.# .. #..
#.. ##.
.#.5#######
.#
<.........#
+#
.......oo.#
...>...@o.#
..........#
.......o..#
....ooo...#
.......o..#
....o.....+
a.........#
########+##


You could see a worker ant (wandering), 4 orc priests, an orc wizard, a shadow
imp and 4 orcs.

Vanquished Creatures
  Erica (D:9)
  The ghost of nubinia the Destroyer, a novice TeFE of Sif Muna (D:8)
  Pikel (D:8)
  A manticore (D:8)
  A hippogriff (D:8)
  2 porcupines (D:10)
  A swamp drake (D:9)
  4 orc warriors
  Purgy (Sewer)
  A necrophage (D:10)
  3 ice beasts
  4 slaves (D:8)
  2 phantoms
  4 ogres
  A wolf (D:10)
  3 centaurs
  2 big kobolds
  2 bullfrogs
  A scorpion (D:9)
  4 wights (D:7)
  8 killer bees
  3 crimson imps
  A quasit (D:10)
  2 hounds (D:7)
  A gnoll shaman (D:4)
  6 orc priests
  A bullfrog skeleton (D:7)
  An iron imp (D:9)
  16 orc wizards
  3 iguanas (D:9)
  7 worker ants
  A hound zombie (D:8)
  5 gnolls (D:4)
  5 adders
  4 shadow imps
  2 adder skeletons
  4 worms
  2 dart slugs
  7 leopard geckos
  42 orcs
  2 bat skeletons (D:8)
  3 bat zombies (D:8)
  8 giant cockroaches
  10 goblins
  4 hobgoblins
  5 jackals
  8 quokkas
  5 ball pythons
  A ball python skeleton (D:4)
  16 bats
  6 frilled lizards
  13 kobolds
  A leopard gecko skeleton (D:6)
  9 rats
  A fungus (D:10)
253 creatures vanquished.

Vanquished Creatures (others)
  An orc wizard (D:4)
  10 fungi (D:10)
  4 plants (D:10)
15 creatures vanquished.

Grand Total: 268 creatures vanquished

Notes
Turn   | Place    | Note
-------+----------+-------------------------------------------
     0 | D:1      | Froggeryz the Minotaur Berserker began the quest for the
                  | Orb.
     0 | D:1      | Reached XP level 1. HP: 19/19 MP: 0/0
   147 | D:1      | Reached skill level 4 in Axes
   159 | D:1      | Reached XP level 2. HP: 19/27 MP: 1/1
   215 | D:1      | Reached ** piety under Trog
   469 | D:1      | You fall into a shaft and drop 1 floor!
   557 | D:1      | Reached XP level 3. HP: 33/33 MP: 2/2
   917 | D:2      | Reached skill level 5 in Axes
  1375 | D:2      | Reached XP level 4. HP: 4/41 MP: 3/3
  1858 | D:3      | Found an ornate altar of the Wu Jian Council.
  1943 | D:3      | Reached skill level 6 in Axes
  1944 | D:3      | Reached skill level 5 in Fighting
  1944 | D:3      | Reached XP level 5. HP: 18/48 MP: 4/4
  2159 | D:3      | Found a glowing drain.
  2184 | Sewer    | Entered a sewer
  2200 | Sewer    | Reached *** piety under Trog
  2385 | Sewer    | Noticed Purgy
  2394 | Sewer    | Killed Purgy
  2394 | Sewer    | Reached skill level 7 in Axes
  2394 | Sewer    | Reached XP level 6. HP: 56/56 MP: 5/5
  3485 | D:4      | Reached skill level 8 in Axes
  3495 | D:4      | Found a sparkling altar of Nemelex Xobeh.
  3527 | D:4      | Found a deep blue altar of Sif Muna.
  3565 | D:4      | Found a staircase to the Ecumenical Temple.
  3925 | D:4      | Reached XP level 7. HP: 35/63 MP: 6/6
  4293 | D:4      | Found a sacrificial altar of Ru.
  4639 | D:5      | Entered Level 5 of the Dungeon
  4738 | D:5      | Found a shimmering altar of Xom.
  4918 | D:5      | Reached skill level 9 in Axes
  4919 | D:5      | Reached **** piety under Trog
  5223 | D:5      | Found a hazy altar of Hepliaklqana.
  5347 | D:6      | Reached skill level 10 in Axes
  5555 | D:6      | Reached XP level 8. HP: 68/70 MP: 7/7
  5933 | D:6      | Reached skill level 11 in Axes
  6534 | D:7      | Reached skill level 12 in Axes
  6978 | D:7      | Found a glowing golden altar of the Shining One.
  6982 | D:7      | Found a basalt altar of Yredelemnul.
  7399 | D:8      | Reached skill level 13 in Axes
  7399 | D:8      | Reached XP level 9. HP: 36/75 MP: 8/8
  7508 | D:8      | Found an ancient bone altar of Kikubaaqudgha.
  7531 | D:8      | Noticed Pikel
  7545 | D:8      | Killed Pikel
  7569 | D:8      | Found an iron altar of Okawaru.
  7572 | D:8      | Found a white marble altar of Elyvilon.
  7572 | D:8      | Found a blossoming altar of Fedhas.
  7592 | D:8      | Reached ***** piety under Trog
  7646 | D:8      | Found a runed translucent door.
  7646 | D:8      | Noticed nubinia's ghost (novice TeFE)
  7646 | D:8      | Noticed a manticore
  7807 | D:8      | Gained mutation: Your magical capacity is low. (-10% MP)
                  | [potion of mutation]
  7807 | D:8      | Gained mutation: You have a pair of large horns on your
                  | head. [potion of mutation]
  7821 | D:8      | Killed nubinia's ghost
  7821 | D:8      | Reached skill level 14 in Axes
  7824 | D:8      | Killed a manticore
  7824 | D:8      | Reached skill level 15 in Axes
  8040 | D:8      | Received a gift from Trog
  8336 | D:9      | Reached XP level 10. HP: 45/83 MP: 8/8
  8556 | D:9      | Reached skill level 16 in Axes
  8885 | D:9      | Found a snail-covered altar of Cheibriados.
  8941 | D:9      | Noticed Erica
  8964 | D:9      | Killed Erica
  9158 | D:9      | Found a staircase to the Orcish Mines.
  9174 | D:9      | Reached skill level 17 in Axes
  9579 | D:10     | Entered Level 10 of the Dungeon
  9828 | D:10     | Found a staircase to the Lair.
  9836 | D:10     | Noticed Grum
  9868 | D:10     | Killed from afar by an orc priest

Levels and vault maps discovered:
D:1:      elethiomel_arrival_maze, layout_basic
D:2:      layout_basic
D:3:      layout_basic, nicolae_overflow_crystal_walls, first_ration,
          cheibrodos_sewer_entry_bend, st_stairs_4, nrook_uturn,
          hangedman_decor_lopped, chequers_mini_garden
D:4:      layout_layer_cave, nemelex_xobeh_ov_fountains_minmay,
          overflow_temple_1_default, led_sif_book, minmay_temple_entry_junction,
          grunt_decor_resistance, hangedman_abyss_or_decor_stagger,
          kennysheep_decorative_pillar, minmay_misc_feat_tiny
D:5:      layout_cave_pools, lemuel_crystal_altar, xom_butterflies,
          hangedman_decor_diamond_cutter
D:6:      layout_basic
D:7:      layout_rooms, overflow_temple_1_default, yredelemnul_altar_generic
D:8:      layout_basic, kennysheep_vampire_church,
          chequers_temple_overflow_statue_of_worship, ebering_ghost_inner_flame,
          uniq_pikel
D:9:      layout_irregular_city, slow_altar_2, erik_orc_1, uniq_erica
D:10:     layout_roguey, grunt_lair_entry_orc_guard_hut, serial_shops, shop,
          hangedman_ranch [blue_anna_fruit_fields], minmay_the_grid_2x2
          [minmay_the_grid_broken_lines, minmay_the_grid_outer_circle,
          minmay_the_grid_minigrid_small,
          minmay_the_grid_prize_four_corners_diamond_a], uniq_urug, uniq_grum

Skill      XL: |  1  2  3  4  5  6  7  8  9 10 |
---------------+-------------------------------+-----
Axes           | 4 5 6 7 8 10 13 15 17 | 17.5
Fighting       | 4 5 6 |  6.3
Armour         | |  2.4
Dodging        | |  2.1

Action                   |  1- 3 |  4- 6 |  7- 9 | 10-12 || total
-------------------------+-------+-------+-------+-------++-------
Melee: Hand axe          |   111 |   114 |   308 |   149 ||   682
       Headbutt          |    14 |    17 |    72 |    32 ||   135
 Fire: Hunting sling     |       |       |     9 |       ||     9
Invok: Berserk           |       |     4 |     5 |     2 ||    11
Evoke: Wand              |       |       |     4 |     2 ||     6
  Use: Potion            |       |     1 |     8 |     3 ||    12
       Scroll            |       |       |     7 |     1 ||     8
 Stab: Sleeping          |     1 |       |     1 |       ||     2
       Paralysed         |       |       |       |     3 ||     3
       Distracted        |       |       |       |     1 ||     1
  Eat: Chunk             |     1 |     8 |    12 |     6 ||    27
       Ration            |       |     1 |     2 |       ||     3
Armor: Animal skin       |    16 |       |       |       ||    16
       Leather armour    |     8 |    25 |    49 |     5 ||    87
       Robe              |       |       |       |    12 ||    12
Dodge: Dodged            |    77 |    83 |   145 |    83 ||   388

Table legend:
 A = Non-vault XP
 B = Vault XP
 C = Vault XP percentage of total XP
 D = Non-vault monster count
 E = Vault monster count
 F = Vault count percentage of total count
                 A         B        C        D         E       F
            +---------+---------+-------+---------+---------+-------
      Total |    4894 |    4250 |  46.5 |     203 |      46 |  18.5
            +---------+---------+-------+---------+---------+-------
        D:1 |      43 |       0 |   0.0 |      30 |       0 |   0.0
        D:2 |      59 |       0 |   0.0 |      25 |       0 |   0.0
        D:3 |     143 |      31 |  17.8 |      16 |       6 |  27.3
        D:4 |     370 |      36 |   8.9 |      25 |       2 |   7.4
        D:5 |     221 |       0 |   0.0 |      14 |       0 |   0.0
        D:6 |     699 |       0 |   0.0 |      19 |       0 |   0.0
        D:7 |     948 |       0 |   0.0 |      23 |       0 |   0.0
        D:8 |     832 |    1916 |  69.7 |      16 |       8 |  33.3
        D:9 |    1284 |    1517 |  54.2 |      32 |      19 |  37.3
       D:10 |     295 |     615 |  67.6 |       3 |       5 |  62.5
      Sewer |       0 |     135 | 100.0 |       0 |       6 | 100.0
            +---------+---------+-------+---------+---------+-------
